 Dungeon Crawl Stone Soup version 0.28-a0-29-g0adfcbbeba (webtiles) character file.

Game seed: 13341674003624111438

60 PentaManta the Sneak (level 3, -3/24 HPs)
             Began as a Vampire Necromancer on July 23, 2021.
             Slain by a kobold (4 damage)
             ... on level 3 of the Dungeon on July 27, 2021.
             The game lasted 00:06:20 (2061 turns).

PentaManta the Sneak (Vampire Necromancer)          Turns: 2061, Time: 00:06:20

Health: -3/24      AC:  2    Str:  7    XL:     3   Next: 80%
Magic:  1/6        EV: 12    Int: 18    God:
Gold:   57         SH:  0    Dex: 14    Spells: 5/6 levels left

rFire   . . .      SeeInvis +   d - +0 dagger
rCold   . . .      Faith    .   (no shield)
rNeg    . . .      Spirit   .   a - +0 robe
rPois   .          Reflect  .   (no helmet)
rElec   .          Harm     .   (no cloak)
rCorr   .          Rampage  .   (no gloves)
Will    .....                   (no boots)
Stlth   +++.......              (no amulet)
HPRegen 0.28/turn               (no ring)
MPRegen 0.10/turn               (no ring)

@: healing quickly
A: alive, fangs 3, see invisible, vampiric 2
a: Exsanguinate


You were on level 3 of the Dungeon.
You visited 1 branch of the dungeon, and saw 3 of its levels.

You collected 57 gold pieces.

Inventory:

Hand Weapons
 b - a +0 hunting sling
 d - a +0 dagger (weapon)
Missiles
 c - 62 stones
Armour
 a - a +0 robe (worn)
 f - a +0 leather armour
 g - a +0 ring mail
Scrolls
 e - a scroll of magic mapping {unknown}
 h - 2 scrolls of noise {unknown}
 j - a scroll of torment {unknown}
 k - a scroll of enchant armour {unknown}
 l - a scroll of identify {unknown}
 m - a scroll of amnesia {unknown}
 o - a scroll of vulnerability {unknown}
Potions
 i - 4 potions of curing {unknown}
 n - a potion of flight {unknown}
 p - a potion of heal wounds {unknown}


   Skills:
 - Level 2.1 Dodging
 + Level 6.6 Stealth
 - Level 2.0 Spellcasting
 - Level 4.3 Necromancy


You had 5 spell levels left.
You knew the following spells:

 Your Spells              Type           Power      Damage    Failure   Level
a - Pain                  Necr           68%        1d7       3%          1

Your spell library contained the following spells:

 Spells                   Type           Power      Damage    Failure   Level
 Animate Skeleton         Necr           34%        N/A       3%          1
 Vampiric Draining        Necr           8%         2d7       9%          3
 Blink                    Tloc           N/A        N/A       26%         2
 Animate Dead             Necr           8%         N/A       30%         4
 Call Canine Familiar     Summ           1%         N/A       47%         3
 Lesser Beckoning         Tloc           0%         N/A       47%         3
 Portal Projectile        Hex/Tloc       2%         N/A       47%         3
 Agony                    Necr           17%        N/A       63%         5
 Leda's Liquefaction      Hex/Erth       0%         N/A       87%         4
 Iskenderun's Battlesphe  Conj           1%         2d6       99%         5
 Manifold Assault         Tloc           1%         N/A       99%         5
 Iron Shot                Conj/Erth      0%         9d1       100%        6
 Spellforged Servitor     Conj/Summ      0%         N/A       100%        7


Dungeon Overview and Level Annotations

Branches:
Dungeon (3/15)

Altars:
Fedhas

Shops:
D:1 (


Innate Abilities, Weirdness & Mutations

Your natural rate of healing is accelerated.
You have razor-sharp teeth.
You have supernaturally acute eyesight. (SInv)
You are afflicted with vampirism and can become a bat while bloodless.


Message History

Press: ? - help, Shift-Dir - straight line, f/p - kobold
Aim: a kobold, wielding a +0 whip (chance to affect: 87%)
The kobold barely resists.
The kobold misses you.
Casting: Pain (safe; 3% risk of failure)
Confirm with . or Enter, or press ? or * to list all spells.
Aiming: Pain (safe; 3% risk of failure)
Press: ? - help, Shift-Dir - straight line, f/p - kobold
Aim: a kobold, wielding a +0 whip (chance to affect: 87%)
The kobold writhes in agony.
The kobold hits you with a +0 whip.
Casting: Pain (safe; 3% risk of failure)
Confirm with . or Enter, or press ? or * to list all spells.
You don't have enough magic to cast this spell.
Unknown command.
You barely miss the kobold.
The kobold is heavily wounded.
The kobold barely misses you.
You hit the kobold but do no damage. Your bite misses the kobold.
The kobold is heavily wounded.
The kobold hits you with a +0 whip.
You hit the kobold but do no damage.
The kobold is heavily wounded.
The kobold hits you with a +0 whip.
You miss the kobold.
The kobold is heavily wounded.
The kobold closely misses you.
You closely miss the kobold.
The kobold is heavily wounded.
The kobold hits you with a +0 whip.
* * * LOW HITPOINT WARNING * * *
You miss the kobold.
The kobold is heavily wounded.
The kobold hits you with a +0 whip.
* * * LOW HITPOINT WARNING * * *
You hit the kobold but do no damage.
The kobold is heavily wounded.
The kobold barely misses you.
You hit the kobold.
The kobold is severely wounded.
The kobold hits you with a +0 whip.
You die...

#.. #.# #.# #.#
#.# ## #.##.##
#.#######.#...####
.........@K......+
#.####..#.#....###
#..#.##....#
#..#..##...#
#..##.# ._..#
#..##.# ...#
#.....####### #
##.......# #.#
####.####
######.###


You could see a kobold.

Vanquished Creatures
  An adder (D:2)
  2 dart slugs
  3 ball pythons
  8 bats
  2 endoplasms
  4 giant cockroaches
  6 goblins
  3 hobgoblins
  4 jackals (D:1)
  A quokka (D:2)
  4 kobolds
  5 rats
43 creatures vanquished.

Notes
Turn   | Place    | Note
-------+----------+-------------------------------------------
     0 | D:1      | PentaManta the Vampire Necromancer began the quest for the
                  | Orb.
     0 | D:1      | Reached XP level 1. HP: 13/13 MP: 3/3
   197 | D:1      | Reached skill level 4 in Stealth
   289 | D:1      | Found Ojainetu's Weapon Emporium.
   297 | D:1      | Reached XP level 2. HP: 19/19 MP: 3/5
   579 | D:1      | Reached skill level 5 in Stealth
   780 | D:1      | Gained mutation: You are afflicted with vampirism and can
                  | become a bat while bloodless. [Vampire growth]
   780 | D:1      | Reached XP level 3. HP: 23/24 MP: 4/6
  1135 | D:2      | Reached skill level 6 in Stealth
  1489 | D:2      | Upgraded the game from 0.28-a0-6-g334057b17a to
                  | 0.28-a0-29-g0adfcbbeba
  2045 | D:3      | Found a blossoming altar of Fedhas.
  2059 | D:3      | HP: 1/24 [kobold (4)]
  2061 | D:3      | Slain by a kobold

Illustrated notes

Levels and vault maps discovered:
D:1:      eino_arrival_water_star, layout_loops_ring, serial_shops,
          nicolae_shop_waterfront
D:2:      layout_rooms, serial_corexii_hall, chequers_hall_statues_wall_a,
          chequers_hall_statues_y
D:3:      layout_loops_corners, eat_drink_and_be_merry_uskayaw,
          mainiacjoe_overflow_alcove_1, ebering_ecumenical_altar_hall

Skill      XL: |  1  2  3 |
---------------+----------+-----
Stealth        | 4 5 6 |  6.6
Dodging        | |  2.1
Spellcasting   | |  2.0
Necromancy     | |  4.3

Action                   || total
-------------------------++-------
Melee: Dagger            ||    70
       Bite              ||     4
 Cast: Pain              ||    74
 Stab: Sleeping          ||     1
Armor: Robe              ||    18
Dodge: Dodged            ||    61

Table legend: (Time is in decaauts)
 A = Elapsed time spent in this place.
 B = Non-inter-level travel time spent in this place.
 C = Inter-level travel time spent in this place.
 D = Time resting spent in this place.
 E = Time spent auto-exploring this place.
 F = Levels seen in this place.
 G = Mean time per level.
                   A        B        C        D        E       F      G
               +--------+--------+--------+--------+--------+-----+--------+
         Total |   2064 |   1965 |     99 |    130 |   1316 |   3 |  688.0 |
       Dungeon |   2064 |   1965 |     99 |    130 |   1316 |   3 |  688.0 |
               +--------+--------+--------+--------+--------+-----+--------+

Top non-repeatable levels by time:
     D:1: 1049 daAuts
     D:2: 868 daAuts
     D:3: 146 daAuts
